[Event "ESP-ch Teams Honor 2024"]
[Site "Melilla"]
[Date "2024.10.15"]
[Round "4.10"]
[White "Korneev, Oleg"]
[Black "Illescas Cordoba, Miguel"]
[Result "1/2-1/2"]
[ECO "C11"]
[WhiteElo "2454"]
[BlackElo "2600"]
[Annotator "TA"]
[PlyCount "61"]
[EventDate "2024.10.11"]
[EventType "team-tourn"]
[EventCountry "ESP"]
[SourceTitle "playchess.com"]
[Source "ChessBase"]
[SourceQuality "1"]
[WhiteTeam "Solvay"]
[BlackTeam "Casablanca"]
[TimeControl "5400+30"]

1. e4 e6 2. d4 d5 3. Nc3 Nf6 4. Bg5 dxe4 5. Nxe4 Be7 6. Bxf6 gxf6 7. Nf3 f5 8. Nc3 a6 9. g3 b5 10. Bg2 {[%emt 0:00:02] [#] Ne5 would now be deadly.} Bb7 11. O-O {[%emt 0:00:06][%cal Od4d5,Be1g1,Bg1g2,Bg2f3,Bf3e3][%mdl 32] White wants to play d5!} O-O 12. Ne5 Bxg2 13. Kxg2 b4 14. Na4 Qd5+ 15. Qf3 Qxf3+ 16. Kxf3 Bf6 17. Ke3 Bxe5 18. dxe5 Nd7 19. f4 Nb6 {[%emt 0:00:10] The position is equal.} 20. Nxb6 cxb6 $11 {[%emt 0:00:03][%mdl 4096] Endgame. KRR-KRR} 21. a3 Rfc8 22. Rf2 ({But not} 22. axb4 Rxc2 23. Rf2 Rc4 $17) 22... bxa3 23. Rxa3 b5 24. c3 Rc4 25. Rd2 Re4+ 26. Kf2 b4 27. cxb4 Rxb4 28. Ra5 Rab8 29. Rxa6 Rxb2 30. Rad6 Rxd2+ 31. Rxd2 {[%emt 0:00:02] An even fight not without its subleties.   Weighted Error Value: White=0.02 (flawless) /Black=0.01 (flawless) .  OK:         	White=7     	Black=16     Best:        	---       	Black=1} 1/2-1/2

[Event "ESP-ch Teams Honor 2024"]
[Site "Melilla"]
[Date "2024.10.15"]
[Round "4.11"]
[White "Gines Esteo, Pedro Antonio"]
[Black "Javakhishvili, Lela"]
[Result "1-0"]
[ECO "D35"]
[WhiteElo "2477"]
[BlackElo "2425"]
[Annotator "RC"]
[PlyCount "89"]
[EventDate "2024.10.11"]
[EventType "team-tourn"]
[EventCountry "ESP"]
[SourceTitle "playchess.com"]
[Source "ChessBase"]
[SourceQuality "1"]
[WhiteTeam "Casablanca"]
[BlackTeam "Solvay"]
[TimeControl "5400+30"]

1. c4 e6 2. Nc3 d5 3. d4 Nf6 4. cxd5 exd5 5. Bg5 Be7 6. e3 O-O 7. Bd3 h6 8. Bh4 Re8 9. Nge2 c6 10. O-O a5 11. Rc1 b5 12. a4 bxa4 13. Nxa4 Ne4 14. Bxe7 Rxe7 15. Bxe4 Rxe4 16. Nc5 Re7 17. Nf4 Na6 18. Nfd3 Nxc5 19. Nxc5 Rea7 20. b3 Qg5 21. Qf3 Bg4 22. Qg3 Be2 23. Rfe1 Bb5 24. Rc2 Qf6 25. Ra2 h5 26. h4 Kh7 27. Kh2 Rg8 28. Qf4 Qxf4+ 29. exf4 Kg6 30. Re5 f6 31. f5+ Kf7 32. Re6 g6 33. fxg6+ Rxg6 34. f3 Rg8 35. Re1 Kg6 36. g4 Rh8 37. Kg3 Rah7 38. Ne6 hxg4 39. Nf4+ Kh6 40. fxg4 Ra7 41. Re6 Rf8 42. g5+ Kh7 43. g6+ Kh6 44. h5 Kg5 45. h6 1-0

[Event "ESP-ch Teams Honor 2024"]
[Site "Melilla"]
[Date "2024.10.15"]
[Round "4.12"]
[White "Tejedor Fuente, Enrique"]
[Black "Vega Gutierrez, Sabrina"]
[Result "0-1"]
[ECO "B33"]
[WhiteElo "2400"]
[BlackElo "2392"]
[Annotator "RC"]
[PlyCount "56"]
[EventDate "2024.10.11"]
[EventType "team-tourn"]
[EventCountry "ESP"]
[SourceTitle "playchess.com"]
[Source "ChessBase"]
[SourceQuality "1"]
[WhiteTeam "Solvay"]
[BlackTeam "Casablanca"]
[TimeControl "5400+30"]

1. e4 c5 2. Nf3 Nc6 3. d4 cxd4 4. Nxd4 Nf6 5. Nc3 e5 6. Ndb5 d6 7. Bg5 a6 8. Bxf6 gxf6 9. Na3 b5 10. Nd5 Bg7 11. g3 Ne7 12. Bg2 Nxd5 13. Qxd5 Be6 14. Qd2 h5 15. h4 Bh6 16. Qb4 Rb8 17. O-O a5 18. Qe1 b4 19. Nb1 d5 20. exd5 Bxd5 21. Qe2 Bxg2 22. Kxg2 Qd4 23. c3 Qg4 24. Qa6 Rg8 25. Qc6+ Ke7 26. Qc5+ Ke6 27. Qxa5 Qe2 28. Kh2 Rxg3 0-1

[Event "ESP-ch Teams Honor 2024"]
[Site "Melilla"]
[Date "2024.10.15"]
[Round "4.13"]
[White "Pranav, V."]
[Black "Tabatabaei, M. Amin"]
[Result "0-1"]
[ECO "A01"]
[WhiteElo "2609"]
[BlackElo "2702"]
[Annotator "TA"]
[PlyCount "80"]
[EventDate "2024.10.11"]
[EventType "team-tourn"]
[EventCountry "ESP"]
[SourceTitle "playchess.com"]
[Source "ChessBase"]
[SourceQuality "1"]
[WhiteTeam "Benalmadena"]
[BlackTeam "Andreu"]
[TimeControl "5400+30"]

1. b3 d5 2. Bb2 Bf5 3. Nf3 e6 4. g3 Nf6 5. Bg2 h6 6. O-O Be7 7. d3 O-O 8. Nbd2 c6 9. Re1 a5 10. a3 Bh7 11. e4 Nbd7 12. Qe2 Qb6 13. a4 Kh8 {[%emt 0:04:37] Die Stellung ist ausgeglichen.} 14. Kh1 Rad8 15. e5 Ng8 16. Rf1 Rde8 17. Ng1 Bc5 18. f4 Ne7 19. Ngf3 {[%emt 0:01:58] Droht stark d4.} Nf5 20. g4 Nd4 21. Nxd4 Bxd4 22. c3 Bc5 23. d4 Be7 24. f5 c5 {[%emt 0:00:16] [#]} 25. f6 $1 gxf6 26. exf6 Bd6 {[%emt 0:00:59] ...Rg8 wäre nun fies.} (26... Nxf6 $2 27. dxc5 Qxc5 28. Qe5 $18) (26... Bxf6 $2 27. Rxf6 Nxf6 28. Qe5 $18) 27. Nf3 (27. dxc5 $11 Nxc5 28. Ba3) 27... Rg8 $1 $15 (27... Nxf6 $2 28. dxc5 Qxc5 (28... Qxb3 $2 29. cxd6 Ne4 30. Ba3 $18) (28... Bxc5 $2 29. Qe5 $18) 29. c4 $18) (27... Qxb3 28. Bc1 Qxc3 (28... Nxf6 $2 29. dxc5 Be7 30. Qe5 $18) 29. Bxh6 $11) 28. Bc1 Bf8 (28... Nxf6 $2 29. Ne5 $18) (28... Rxg4 29. Bxh6 Reg8 (29... Qxb3 $2 30. Nd2 $18) (29... Nxf6 $2 30. Ne5 $18) 30. Bg7+ R8xg7 31. fxg7+ Rxg7 32. b4 axb4 (32... cxb4 33. cxb4 axb4 34. a5 $17) 33. a5 $17) 29. h3 Qxb3 30. dxc5 (30. Qe1 $17 {ist eine bessere Verteidigung.}) 30... Qxc3 $19 31. Bd2 Qxc5 (31... Qxf6 32. Ng5 Bf5 33. gxf5 Rxg5 34. Bxg5 Qxg5 35. Qb5 $14) 32. Rac1 Qb6 33. Be3 Qd8 34. Qb5 b6 (34... Nxf6 $2 {geht unter.} 35. Ne5 Bg6 36. Bb6 $18 (36. Qxb7 Bg7 $14) (36. Rxf6 $2 Qxf6 37. Nxg6+ Qxg6 $19)) 35. Nd4 (35. Rc6 $15) 35... Ne5 $17 (35... Nxf6 $2 {ist das falsche Schlagen.} 36. Nc6 (36. Rxf6 Qxf6 37. Qxe8 Ba3 $11) 36... Qd6 37. Rxf6 $18) 36. Rfd1 {[%emt 0:02:52] Verhindert Bd3. Danach ist Weiß chancenlos.} (36. Nc6 $17 Nxc6 37. Qxc6) 36... Bc5 $19 {[%emt 0:01:43][%cal Oe5g4] Und jetzt ...Nxg4! wäre schön.} 37. Bxh6 $2 (37. Qe2) 37... Qxf6 38. g5 Qf2 39. Nc6 {[%emt 0:00:09] [#]} Ng4 {[%emt 0:01:26][%cal Of2g1][%mdl 512] ( -> ...Qg1+!)} 40. Rf1 {[%emt 0:00:51] [#]} (40. Qf1 Nxh6) 40... Qg1+ $3 {[%emt 0:00:31][%mdl 33280] Gewichteter Fehlerwert: Weiß=0.55/Schwarz=0.10 (sehr präzise) .  Verlustzug:     	Weiß=1     	---        Fehler:       	Weiß=4     	---        Ungenau:       	Weiß=1     	Schwarz=3     OK:         	Weiß=12    	Schwarz=13    Bester:       	Weiß=1     	Schwarz=3     Stark:        	---       	Schwarz=1    . Zeitüberschreitung!?} 0-1

[Event "ESP-ch Teams Honor 2024"]
[Site "Melilla"]
[Date "2024.10.15"]
[Round "4.14"]
[White "Van Foreest, Jorden"]
[Black "Ter-Sahakyan, Samvel"]
[Result "1/2-1/2"]
[ECO "B90"]
[WhiteElo "2697"]
[BlackElo "2609"]
[Annotator "TA"]
[PlyCount "113"]
[EventDate "2024.10.11"]
[EventType "team-tourn"]
[EventCountry "ESP"]
[SourceTitle "playchess.com"]
[Source "ChessBase"]
[SourceQuality "1"]
[WhiteTeam "Andreu"]
[BlackTeam "Benalmadena"]
[TimeControl "5400+30"]

1. e4 c5 2. Nf3 d6 3. d4 cxd4 4. Nxd4 Nf6 5. Nc3 a6 6. Bd3 g6 7. Be2 {[%emt 0:00:37] 7.Be2 is the recent fashion. B90: Sicilian Najdorf: Unusual White 6th moves, 6 Be3 Ng4 and 6 Be3 e5.} Bg7 8. Be3 Nc6 9. Qd2 O-O 10. h4 d5 11. exd5 Nxd5 $146 ({Predecessor:} 11... Nb4 12. h5 Nbxd5 13. Nxd5 Qxd5 14. Bf3 Qc4 15. Qe2 Qc7 16. hxg6 fxg6 17. g3 e5 18. Nb3 e4 {0-1 Savkic,I (1989)-Antonijevic,Z (2042) Belgrade-chT Quality 2021 (10.4)}) 12. Nxd5 Qxd5 13. Bf3 Qe5 14. c3 Nxd4 15. cxd4 Qd6 16. h5 Rd8 17. Rd1 Bf5 18. h6 Bf6 19. O-O Qd7 20. Qe2 Qb5 21. Rfe1 Rd6 (21... Qxe2 $11 22. Rxe2 e5 23. Bxb7 Rab8 24. Bxa6 exd4) 22. g4 $16 Bd7 23. d5 Qxe2 24. Rxe2 Rc8 25. g5 Be5 {[%emt 0:00:57] [#]} 26. Bd2 $1 f6 27. Bb4 Kf7 {[%emt 0:01:56] [#]} 28. Rde1 (28. gxf6 $1 $16 Bxf6 29. Bxd6 exd6 30. Kg2) 28... Rc4 (28... Rb6 $11 29. Ba3 Bf5) 29. Bc3 Bg4 30. Bxe5 Bxf3 31. Bxd6 Bxe2 32. Rxe2 exd6 33. Re6 Rg4+ 34. Kf1 Rxg5 35. Rxd6 Re5 36. Rb6 Re7 $1 37. Kg2 g5 $1 38. Kf3 f5 39. b4 Rd7 40. a4 Rxd5 (40... a5 $1 $11 {keeps the balance.}) 41. Rxb7+ $16 Kg6 42. Rb6+ Kh5 43. Rxa6 Rd3+ 44. Kg2 (44. Ke2 $16 Rb3 45. b5) 44... f4 45. Rc6 Ra3 46. a5 Ra4 47. Rc2 Rxb4 48. Ra2 Rb7 49. a6 Ra7 50. f3 Kxh6 51. Ra5 Kg6 52. Kh2 h5 53. Kh3 Kf6 54. Kg2 Kg6 55. Kh3 Kh6 56. Ra4 Kg7 57. Ra5 1/2-1/2

[Event "ESP-ch Teams Honor 2024"]
[Site "Melilla"]
[Date "2024.10.15"]
[Round "4.15"]
[White "Grigoryan, Karen H."]
[Black "Vokhidov, Shamsiddin"]
[Result "0-1"]
[ECO "D38"]
[WhiteElo "2582"]
[BlackElo "2668"]
[Annotator "TA"]
[PlyCount "80"]
[EventDate "2024.10.11"]
[EventType "team-tourn"]
[EventCountry "ESP"]
[SourceTitle "playchess.com"]
[Source "ChessBase"]
[SourceQuality "1"]
[WhiteTeam "Benalmadena"]
[BlackTeam "Andreu"]
[TimeControl "5400+30"]

1. Nf3 d5 2. d4 Nf6 3. c4 e6 4. Nc3 Bb4 5. Bg5 h6 6. Bxf6 Qxf6 7. Qa4+ Nc6 8. e3 O-O 9. cxd5 exd5 10. Bb5 Bg4 11. Bxc6 Bxc3+ 12. bxc3 {[%emt 0:00:05] Schwarz hat minimalen Vorteil.} Bxf3 13. gxf3 bxc6 14. Ke2 $1 Rfb8 15. Rab1 {[%emt 0:03:43] Lässt Rb2+ nicht zu} c5 $36 {[%emt 0:08:57][%mdl 2048] Schwarz kämpft um Vorteil.} 16. Rhc1 (16. Rhd1 $11 {bleibt in der Remisbreite.}) 16... Qg6 17. Rxb8+ Rxb8 18. dxc5 $15 {[%emt 0:00:30][%cal Oc1d1][%mdl 4096] Endspiel. KQR-KQR} Rb2+ 19. Kf1 {[%emt 0:00:05] [#]} Qd3+ $1 20. Kg1 {[%emt 0:00:24] [#]} Qe2 $1 21. Rf1 Qxf3 {[%emt 0:00:18] Schwarz hat aktiveres Spiel.} 22. a3 h5 23. Qd7 Rc2 24. Qxc7 Rxc3 {[%emt 0:00:30] Zielt auf ...Rc4 ab.} 25. h3 Kh7 (25... Rxa3 26. Rc1 $15) 26. Kh2 Rxa3 (26... d4 $19 27. Qe5 Rd3 (27... Rxa3 28. Qxd4 Qf5 29. Rg1 $11)) 27. Qg3 $17 Rxe3 28. fxe3 (28. Qxf3 $142 Rxf3 29. Rc1) 28... Qxf1 {[%emt 0:00:03] KQ-KQ} 29. Qe5 (29. Qf4 $17 {ist der einzige Weg für Weiss..} Qe2+ (29... Qxf4+ $2 30. exf4 d4 31. Kg1 $18) 30. Kg3) 29... Qf2+ $19 30. Kh1 Qf3+ 31. Kh2 a5 {[%emt 0:04:31] Weiss muss nun ...a4 beachten.} 32. c6 Qe2+ 33. Kg3 {[%emt 0:00:00][%cal Oc6c7] [#]} h4+ $1 34. Kxh4 {[%emt 0:00:09] Droht Matt per Qh5+.} Qc4+ 35. e4 Qxc6 36. exd5 Qc4+ 37. Kg3 Qd3+ (37... a4 $19 {und Schwarz behält klar die Oberhand.} 38. d6 (38. Qh5+ $2 Kg8 $19) 38... Qd3+ 39. Kg4 a3 40. Qf5+ Qxf5+ 41. Kxf5 a2) 38. Kf4 $17 a4 ({Viel schwächer ist} 38... Qxh3 39. d6 a4 40. Qe4+ g6 41. Qe7 $15) 39. Qf5+ $2 (39. d6 $17) 39... Qxf5+ 40. Kxf5 Kg8 {[%emt 0:00:57] Gewichteter Fehlerwert: Weiß=0.38/Schwarz=0.12 (sehr präzise) .  Verlustzug:     	Weiß=1     	---        Fehler:       	Weiß=3     	Schwarz=2     Ungenau:       	Weiß=2     	Schwarz=1     OK:         	Weiß=9     	Schwarz=13    Bester:       	Weiß=8     	Schwarz=6     Stark:        	Weiß=1     	Schwarz=2     Brilliant:      	---       	Schwarz=1} 0-1

[Event "ESP-ch Teams Honor 2024"]
[Site "Melilla"]
[Date "2024.10.15"]
[Round "4.16"]
[White "Arizmendi Martinez, Julen Luis"]
[Black "Ladron De Guevara Pinto, Paolo"]
[Result "0-1"]
[ECO "B57"]
[WhiteElo "2507"]
[BlackElo "2388"]
[Annotator "TA"]
[PlyCount "68"]
[EventDate "2024.10.11"]
[EventType "team-tourn"]
[EventCountry "ESP"]
[SourceTitle "playchess.com"]
[Source "ChessBase"]
[SourceQuality "1"]
[WhiteTeam "Andreu"]
[BlackTeam "Benalmadena"]
[TimeControl "5400+30"]

1. e4 c5 2. Nf3 d6 3. d4 cxd4 4. Nxd4 Nf6 5. Nc3 Nc6 6. Bc4 Na5 7. Be2 g6 8. O-O Bg7 9. Bg5 {[%emt 0:04:49] White is slightly better.} O-O 10. Qd2 Bd7 11. Nb3 Be6 12. Bh6 Rc8 13. Bxg7 Kxg7 {[%emt 0:00:14] [#]} 14. e5 $1 Ne8 (14... dxe5 15. Qxd8 Rfxd8 16. Nxa5 $16) 15. exd6 Nxd6 16. Qd4+ Kg8 17. Qxa7 Nac4 18. Bxc4 Nxc4 19. Rfd1 Qc7 20. Na4 Bf5 21. Nd4 Bd7 {[%emt 0:01:55] Hoping for ...Bxa4.} 22. b3 (22. Rab1 $1 $11) 22... Bxa4 $1 $15 23. bxa4 (23. Qxa4 $2 Nb2 24. Qb4 Nxd1 25. Rxd1 Rfd8 $19) 23... Ra8 24. Nb5 {[%emt 0:00:03] Qxa8 would now be deadly.} Qc6 (24... Rxa7 {simplifies} 25. Nxc7 Rxa4 26. g3 Rc8) 25. Qd4 e5 26. Qh4 {[%emt 0:01:45] Loses the game.} (26. Qc3 $11) 26... Rxa4 $19 {[%emt 0:01:04] And now ...Ne3 would win.} 27. Nc3 $2 {[%emt 0:00:40] [#]} (27. Rdb1) 27... Ne3 $1 28. Qh3 Nxd1 (28... Qxc3 29. Qxe3 Qxe3 (29... Qxc2 30. Rdc1 $15) 30. fxe3 $17) 29. Nxa4 Nxf2 $40 {[%emt 0:01:28][%mdl 128] Black is out for blood.} ({But not} 29... Qxc2 30. Qf3 Nxf2 (30... Qxa4 31. Rxd1 Qxa2 32. Qxb7 $15) 31. Qxf2 Qxa4 32. h3 $19) (29... Qxa4 30. Rxd1 Qxc2 (30... Qxa2 31. Qc3 $17) 31. Qd7 $17) (29... Rd8 $142 30. Qf3 Qxc2) 30. Qf3 (30. Qc3 $142 Qxc3 (30... Qxa4 $2 31. Kxf2 Qa7+ 32. Kf1 $19) 31. Nxc3) 30... Ne4 31. Re1 f5 ({Don't do} 31... Qxa4 32. Qxe4 Qxa2 33. Qxb7 $19) 32. Qb3+ Kg7 33. h3 Rd8 {[%emt 0:01:00] White must now prevent ...Rd2.} 34. Qb6 $2 (34. Qb4 Kf6 (34... Qxc2 35. Qe7+ Kh6 36. Qh4+ Kg7 37. Qe7+ Kh6 38. Qh4+ Kg7 39. Qe7+ $11) 35. c4) 34... Ra8 {[%emt 0:00:55] Weighted Error Value: White=0.48/Black=0.16 (very precise) .  Loses game:     	White=1     	---        Mistake:       	White=4     	Black=1      Inaccurate:     	---       	Black=3      OK:         	White=11    	Black=11     Best:        	White=1     	Black=1      Strong:       	---       	Black=1      Brilliant:      	---       	Black=1} 0-1

[Event "ESP-ch Teams Honor 2024"]
[Site "Melilla"]
[Date "2024.10.15"]
[Round "4.17"]
[White "Lin, Yingrui"]
[Black "Macias Pino, Diego"]
[Result "1-0"]
[ECO "A07"]
[WhiteElo "2378"]
[BlackElo "2479"]
[Annotator "TA"]
[PlyCount "69"]
[EventDate "2024.10.11"]
[EventType "team-tourn"]
[EventCountry "ESP"]
[SourceTitle "playchess.com"]
[Source "ChessBase"]
[SourceQuality "1"]
[WhiteTeam "Benalmadena"]
[BlackTeam "Andreu"]
[TimeControl "5400+30"]

1. Nf3 d5 2. g3 c6 3. Bg2 Bf5 4. O-O e6 5. d3 Nf6 6. b3 h6 7. Bb2 Be7 8. Nbd2 O-O 9. Re1 Bh7 10. e4 a5 11. a3 Na6 12. Qe2 Rc8 13. h3 Re8 {[%emt 0:02:27] The position is equal.} 14. g4 Nd7 15. Nf1 Bf6 16. Bxf6 Qxf6 17. e5 Qd8 18. Ng3 Nf8 19. h4 Ng6 20. g5 hxg5 21. Nxg5 Ne7 {[%emt 0:02:55] [#]} 22. Bh3 $1 {[%emt 0:06:58] White is much more active.} Bg6 {[%emt 0:05:04] This costs Black the game.} (22... Nc5 $16 23. Qg4 Rc7) 23. Qf3 Rf8 24. Kh1 Nc7 25. Rg1 f5 $2 (25... Qd7) 26. Nh5 Qd7 27. Nf4 {[%emt 0:01:29] Nxg6 is the strong threat.} Be8 28. Rg2 {[%emt 0:00:37] And now Rag1 would win.} Kh8 29. Rag1 Ng8 30. h5 Nh6 31. Ng6+ Bxg6 32. hxg6 {[%emt 0:00:02] Black must now prevent Qh5.} d4 $2 (32... Kg8 33. Qh5 Ne8) 33. Qh5 $18 Kg8 {[%emt 0:00:22] [#]} 34. Nf7 $1 Nxf7 (34... Rxf7 35. gxf7+) 35. Qh7# {[%emt 0:00:08] Weighted Error Value: White=0.24 (precise) /Black=0.74.  Mistake:       	---       	Black=3      Inaccurate:     	White=3     	Black=3      OK:         	White=6     	Black=1      Best:        	White=3     	Black=2      Strong:       	White=1     	---} 1-0

[Event "ESP-ch Teams Honor 2024"]
[Site "Melilla"]
[Date "2024.10.15"]
[Round "4.18"]
[White "Vega Gutierrez, Belinda"]
[Black "Matnadze Bujiashvili, Ann"]
[Result "0-1"]
[ECO "C41"]
[WhiteElo "2168"]
[BlackElo "2309"]
[Annotator "RC"]
[PlyCount "56"]
[EventDate "2024.10.11"]
[EventType "team-tourn"]
[EventCountry "ESP"]
[SourceTitle "playchess.com"]
[Source "ChessBase"]
[SourceQuality "1"]
[WhiteTeam "Andreu"]
[BlackTeam "Benalmadena"]
[TimeControl "5400+30"]

1. e4 e5 2. Nf3 d6 3. d4 exd4 4. Nxd4 Nf6 5. Nc3 Be7 6. Bf4 O-O 7. Qd2 Nc6 8. O-O-O Nxd4 9. Qxd4 Be6 10. f3 a6 11. g4 b5 12. Kb1 c5 13. Qe3 b4 14. Nd5 Nxd5 15. exd5 Bd7 16. g5 Re8 17. Qd2 Bf5 18. h4 a5 19. h5 b3 20. axb3 a4 21. bxa4 Rxa4 22. Bb5 Qa8 23. Bxa4 Qxa4 24. Qh2 Ra8 25. Kc1 Qb4 26. Kb1 Qb3 27. Rhe1 Ra2 28. Bc1 Qa4 0-1

[Event "ESP-ch Teams Honor 2024"]
[Site "Melilla"]
[Date "2024.10.15"]
[Round "4.19"]
[White "Murzin, Volodar"]
[Black "Alekseenko, Kirill"]
[Result "1-0"]
[ECO "C84"]
[WhiteElo "2648"]
[BlackElo "2679"]
[Annotator "TA"]
[PlyCount "125"]
[EventDate "2024.10.11"]
[EventType "team-tourn"]
[EventCountry "ESP"]
[SourceTitle "playchess.com"]
[Source "ChessBase"]
[SourceQuality "1"]
[WhiteTeam "Extremadura"]
[BlackTeam "Silla"]
[TimeControl "5400+30"]

1. e4 e5 2. Nf3 Nc6 3. Bb5 a6 4. Ba4 Nf6 5. O-O Be7 6. d3 d6 7. c3 O-O 8. Nbd2 Re8 9. Re1 Bf8 10. Nf1 h6 11. Ng3 b5 12. Bc2 a5 13. a4 b4 {[%emt 0:00:24] White has an edge.} 14. h3 bxc3 15. bxc3 Rb8 16. Be3 d5 17. d4 dxe4 18. Nxe5 Nxe5 19. dxe5 Nd5 (19... Qxd1 $11 {keeps the balance.} 20. Raxd1 Rb2) 20. Ba7 $16 (20. Bxe4 $6 Nxc3 21. Qxd8 Rxd8 $11) (20. Nxe4 $6 Nxe3 21. Qxd8 Rxd8 $15) 20... Ra8 21. Bxe4 (21. Qd4 $16) 21... Be6 $1 $14 22. Bd4 Rb8 (22... c5 $14 23. c4 Nb4 (23... cxd4 24. cxd5 Bxd5 25. Qxd4 $14)) 23. Qf3 $1 $16 c5 24. c4 $1 $36 {[%emt 0:03:09][%mdl 2048] White is in control.} Nb6 25. Bc3 Nxc4 26. Rad1 {[%emt 0:03:26] Inhibits Nd2.} Qc7 (26... Qg5 {keeps fighting.} 27. Nf5 h5) 27. Nh5 $1 $18 Nb2 {[%emt 0:02:09] [#]} 28. Rd6 Nxa4 $16 {[%emt 0:02:34][%cal Ob8b3] [#] ...Rb3! would now be deadly.} 29. Ba1 {[%emt 0:01:52] White has more active pieces.} (29. Rc6 Qd8 30. Rd1 Qe7 31. Nf6+ (31. Bxa5 Nb2 $16) 31... Kh8 (31... gxf6 $2 32. exf6 Qa7 33. Be5 $18) 32. Nxe8 Nxc3 33. Nxg7 (33. Qxc3 Qxe8 34. Rxc5 Bxc5 $11) 33... Nxd1 34. Nxe6 fxe6 $18) (29. Bd2 $1 $16 Rb3 (29... Bxd6 30. exd6 Qxd6 31. Bf4 $18) 30. Bd3) 29... Rb3 $2 {[%emt 0:00:22] [#] Black cannot hold the game after this.} (29... c4 $1 $11 {and Black is okay.}) 30. Rxe6 $1 $18 {[%emt 0:00:45][%mdl 512] Nf6+ would kill now.} Rxf3 31. Rxe8 Qd7 $2 (31... Ra3 {might work better.}) 32. Rxf8+ Kxf8 33. Bxf3 (33. gxf3 c4 $16) 33... c4 {[%emt 0:00:02] [#]} 34. e6 $1 fxe6 35. Bxg7+ {[%emt 0:00:18] A strong pair of Bishops.} Kf7 36. Bg4 Nc5 37. Bc3 (37. Bxh6 c3 38. Rc1 Qd4 $16) 37... Qd3 38. Re3 (38. Bxa5 c3 39. Bb4 Qc4 40. Bxc5 Qxc5 $18) 38... Qb1+ 39. Kh2 a4 40. Bd4 Qb8+ 41. Be5 Qa8 42. Bd6 Qc6 43. Rf3+ Ke8 44. Rf8+ Kd7 45. Be5 Ke7 $2 (45... Nd3 46. Bf3 Qb5) 46. Rh8 Qe4 {[%emt 0:00:48] [#] Inhibits Rh7+.} (46... Nd7 $142 47. Bc3 Qc5 48. Rh7+ (48. Rxh6 Nf8 $18) 48... Kd6 49. Rxh6 Nf8) 47. Re8+ $3 Kf7 48. Bd6 Kxe8 49. Nf6+ (49. Bxc5 $2 Qe5+ 50. Kg1 Qxc5 $19) 49... Kf7 50. Nxe4 Nxe4 51. Ba3 Nc3 52. Bh5+ Kg8 53. Bg6 Nb5 {[%emt 0:00:18][%cal Og8g7] White must now prevent ...Kg7!} 54. Bc1 a3 55. Bb1 (55. Bxh6 $2 a2 56. Bh5 a1=Q $19 (56... a1=B $2 57. Be2 $18)) 55... Nc3 56. Bc2 Nb5 (56... a2 $142 57. Bb2 (57. Bxh6 $2 a1=Q $19) 57... Nd5) 57. Ba4 {[%emt 0:00:24] White is clearly winning.} (57. Bxh6 $2 a2 58. g3 a1=Q $19 (58... a1=B 59. Ba4 $16)) 57... a2 58. Bb2 {[%emt 0:00:01] Wards off a1Q} (58. Bxb5 $2 a1=Q (58... a1=B 59. Bxc4 Bd4 60. Bxe6+ Kg7 61. Kg3 $18) 59. Bf4 Qd4 $19) 58... c3 59. Ba1 Kf7 60. Bb3 (60. Bxb5 $2 {is the wrong capture.} c2 61. Bb2 (61. Be8+ $2 Kxe8 62. Bb2 Kf8 $19) 61... a1=Q 62. Bxa1 c1=Q $19 (62... c1=B $2 {perishes.} 63. Kg3 $18)) 60... Ke7 61. Bxa2 c2 62. Bb2 Kd6 63. Bc4 {[%emt 0:00:17] Weighted Error Value: White=0.33/Black=0.59.  Mistake:       	White=3     	Black=8      Inaccurate:     	White=2     	Black=2      OK:         	White=20    	Black=18     Best:        	White=8     	Black=3      Strong:       	White=2     	Black=1      Brilliant:      	White=2     	---} 1-0